 Dungeon Crawl Stone Soup version 0.27.0-1-g7a089689b8 (webtiles) character file.

Game seed: 11195493162559192194

151 x13thangelx the Chopper (level 5, -1/46 HPs)
             Began as a Draconian Berserker on Aug 2, 2021.
             Was a Priest of Trog.
             Killed by nerve-wracking pain
             ... invoked by an orc priest
              (7 damage)
             ... on level 3 of the Dungeon.
             The game lasted 00:09:56 (3296 turns).

x13thangelx the Chopper (Draconian Berserker)       Turns: 3296, Time: 00:09:57

Health: -1/46      AC:  5    Str: 19 (20) XL:     5   Next: 10%
Magic:  5/5        EV:  9    Int:  7 (8)  God:    Trog [***...]
Gold:   106        SH:  7    Dex:  8 (10) Spells: 4/4 levels left

rFire    . . .     SeeInvis .   a - +1 hand axe
rCold    . . .     Faith    .   h - +0 kite shield
rNeg     . . .     Spirit   .   (armour unavailable)
rPois    .         Reflect  .   (helmet restricted)
rElec    .         Harm     .   (no cloak)
rCorr    .         Rampage  .   (no gloves)
Will     .....                  (no boots)
Stlth    +.........             (no amulet)
HPRegen  0.15/turn              (no ring)
MPRegen  0.09/turn              (no ring)

@: flying
A: AC +5, unfitting armour, cold-blooded, talons 1, sense surroundings 1
a: Renounce Religion, Berserk, Trog's Hand


You were on level 3 of the Dungeon.
You worshipped Trog.
Trog was most pleased with you.
You visited 1 branch of the dungeon, and saw 3 of its levels.

You collected 106 gold pieces.

Inventory:

Hand Weapons
 a - a +1 hand axe (weapon)
 b - a +1 dagger of flaming
 c - a +4 dagger of holy wrath
 d - a +0 hunting sling
Missiles
 f - 49 stones (quivered)
Armour
 g - a +0 leather armour
 h - a +0 kite shield (worn)
Scrolls
 e - a scroll of fear
Potions
 i - 2 potions of mutation


   Skills:
 + Level 4.2 Fighting
 + Level 4.3 Axes
 + Level 3.6 Dodging
 + Level 0.6 Stealth
 + Level 0.6 Shields


You had 4 spell levels left.
You didn't know any spells.
Your spell library contained the following spells:

 Spells                   Type           Power      Damage    Failure   Level
 Corpse Rot               Necr/Air       N/A        N/A       99%         2
 Dispel Undead            Necr           0%         3d6       100%        4
 Death Channel            Necr           0%         N/A       100%        6


Dungeon Overview and Level Annotations

Branches:
Dungeon (3/15)

Altars:


Innate Abilities, Weirdness & Mutations

Your plain brown scales are hard. (AC +5)
You cannot fit into any form of body armour.
You are cold-blooded and may be slowed by cold attacks.
You have sharp toenails.
You passively map a small area around you.


Message History

The orc shouts!
You hit the orc priest.
The orc priest is moderately wounded.
You hear a shout!
The orc priest calls down the wrath of Beogh upon you.
Beogh smites you!
An orc comes into view. It is wielding a +0 flail.
The orc priest closely misses you.
The orc shouts!
You hit the orc priest but do no damage.
The orc priest is moderately wounded.
An orc comes into view. It is wielding a +0 short sword.
You slash the orc!
You kill the orc!
Trog accepts your kill.
You hit the orc priest but do no damage.
The orc priest is moderately wounded.
The orc priest barely misses you. You block the orc priest's attack.
You closely miss the orc priest. You tail-slap the orc priest.
The orc priest is moderately wounded.
The orc priest hits you with a +0 mace.
You completely miss the orc priest.
The orc priest is moderately wounded.
The orc priest completely misses you.
You barely miss the orc priest.
The orc priest is moderately wounded.
The orc priest hits you with a +0 mace!
* * * LOW HITPOINT WARNING * * *
The orc priest looks encouraged for a moment.
It was a potion of mutation.
You feel extremely strange.
Your toenails lengthen and sharpen.
You feel a strange attunement to the structure of the dungeons.
You block the orc priest's attack.
It was a potion of flight.
You feel very buoyant.
You fly up into the air.
The orc priest hits you with a +0 mace.
* * * LOW HITPOINT WARNING * * *
The orc priest calls down the wrath of Beogh upon you.
Pain shoots through your body!
You die...

#.# #.##.#
#.........#
#.# #.##.#
#.##...####
#.#######.##.#
#.##...#
..........##.#
#.##...#
###.#######
#.###### #.# *
* #.# #.# *
#.# #.# * #.#
#.# #@# #.#
#.# #.# #o# #
#.# #o# # #o#
# * #)# # *
#.# # #.# # *
, ,..#


You could see an orc priest and 2 orcs.

Vanquished Creatures
  2 orc wizards (D:3)
  An adder (D:3)
  A dart slug (D:2)
  9 orcs
  6 ball pythons (D:1)
  7 bats
  7 endoplasms
  2 giant cockroaches
  4 goblins
  5 hobgoblins (D:1)
  9 jackals
  7 kobolds
  3 quokkas
  2 frilled lizards
  11 rats
76 creatures vanquished.

Notes
Turn   | Place    | Note
-------+----------+-------------------------------------------
     0 | D:1      | x13thangelx the Draconian Berserker began the quest for the
                  | Orb.
     0 | D:1      | Reached XP level 1. HP: 19/19 MP: 1/1
   299 | D:1      | Reached XP level 2. HP: 21/26 MP: 2/2
   704 | D:1      | Reached XP level 3. HP: 26/33 MP: 3/3
  1087 | D:2      | Reached ** piety under Trog
  2033 | D:2      | Reached XP level 4. HP: 40/40 MP: 4/4
  2777 | D:3      | Reached XP level 5. HP: 15/46 MP: 5/5
  3019 | D:3      | Found a faded altar of an unknown god.
  3286 | D:3      | Reached *** piety under Trog
  3291 | D:3      | Gained mutation: You have sharp toenails. [potion of
                  | mutation]
  3291 | D:3      | Gained mutation: You passively map a small area around you.
                  | [potion of mutation]
  3296 | D:3      | Killed from afar by an orc priest

Illustrated notes

Levels and vault maps discovered:
D:1:      dpeg_arrival_court, layout_rooms, minmay_tree_intersection,
          minivault_14
D:2:      layout_basic
D:3:      layout_loops_ring, shapermc_ecumenical_altar_pompeii

Skill      XL: |  1  2  3  4 |
---------------+-------------+-----
Dodging        | 3 |  3.6
Fighting       | 4 |  4.2
Axes           | 4 |  4.3
Stealth        | |  0.6
Shields        | |  0.6

Action                   |  1- 3 |  4- 6 || total
-------------------------+-------+-------++-------
Melee: Hand axe          |   120 |    96 ||   216
       Tailslap          |    18 |    10 ||    28
  Use: Scroll            |     3 |     1 ||     4
       Potion            |     2 |     3 ||     5
Armor: Skin              |    63 |    38 ||   101
Dodge: Dodged            |   121 |    35 ||   156
Block: Kite shield       |     4 |    19 ||    23
